 Dungeon Crawl Stone Soup version 0.31-a0-237-g2d982f9f85 (webtiles) character file.

Game seed: 284577798522665316

410 qw the Shooter (level 6, -10/38 HPs)
             Began as a Gargoyle Hexslinger on July 10, 2023.
             Killed from afar by Ijyb (19 damage)
             ... with a bolt of acid
             ... on level 4 of the Dungeon.
             The game lasted 00:01:25 (3005 turns).

qw the Shooter (Gargoyle Hexslinger)                Turns: 3005, Time: 00:01:26

Health: -10/38     AC: -2    Str: 11    XL:     6   Next: 89%
Magic:  7/7        EV: 10    Int: 14    God:
Gold:   103        SH:  0    Dex: 14    Spells: 6/7 levels left

rFire   . . .        Y - +1 sling
rCold   . . .        (no shield)
rNeg    + . .        h - +0 ring mail
rPois   inf          (no helmet)
rElec   +            (no cloak)
rCorr   .            (no gloves)
SInv    .            (no boots)
Will    .....        k - amulet of regeneration
Stlth   +            (no ring)
HPRegen 1.06/turn    (no ring)
MPRegen 0.10/turn

%: no passive effects
@: corroded
A: sickness immunity, AC +4, negative energy resistance 1, electricity
resistance, torment resistance 1, petrification resistance
a: no special abilities


You were on level 4 of the Dungeon.
You visited 1 branch of the dungeon, and saw 4 of its levels.

You collected 173 gold pieces.
You spent 70 gold pieces at shops.


Innate Abilities, Weirdness & Mutations

You are immune to sickness and miasma.
Your stone body is resilient. (AC +4)
You are immune to poison.
You resist negative energy. (rN+)
You are resistant to electric shocks. (rElec)
You are resistant to unholy torment.
You are immune to petrification.


   Skills:
 + Level 3.9 Fighting
 - Level 6.0 Ranged Weapons
 - Level 1.1 Armour
 - Level 1.5 Dodging
 - Level 1.0 Spellcasting
 - Level 2.6 Hexes


You had 6 spell levels left.
You knew the following spells:

 Your Spells              Type           Power      Damage    Failure   Level
a - Slow                  Hex            32%        N/A       21%         1

Your spell library contained the following spells:

 Spells                   Type           Power      Damage    Failure   Level
 Inner Flame              Hex/Fire       4%         N/A       71%         3
 Portal Projectile        Hex/Tloc       8%         N/A       71%         3
 Cause Fear               Hex            4%         N/A       90%         4

Inventory:

Hand Weapons
 Y - a +1 sling (weapon)
Armour
 a - a +0 robe of cold resistance
 h - a +0 ring mail (worn)
Jewellery
 k - an amulet of regeneration (around neck)
Scrolls
 d - a scroll of blinking {unknown}
 e - 2 scrolls of enchant weapon {unknown}
 g - a scroll of identify
Potions
 b - a potion of enlightenment
 c - a potion of mutation {unknown}
 f - a potion of degeneration {unknown}
 i - a potion of lignification {unknown}
 j - a potion of curing {unknown}

Dungeon Overview and Level Annotations

Branches:
Dungeon (4/15)
 Temple: D:4-7

Altars:
Gozag
The Shining One

Shops:
D:2 [

Annotations:
D:4 Ijyb


Message History

Ijyb zaps a wand.
The bolt of acid hits you! Ijyb closely misses you.
You shoot a sling bullet. The sling bullet hits Ijyb.
Ijyb is lightly wounded.
Ijyb closely misses you.
You shoot a sling bullet.
The sling bullet completely misses Ijyb.
Ijyb hits you but does no damage.
You shoot a sling bullet.
The sling bullet hits Ijyb but does no damage.
Ijyb is lightly wounded.
Ijyb hits you but does no damage.
You shoot a sling bullet.
The sling bullet hits Ijyb but does no damage.
Ijyb is lightly wounded.
Ijyb barely misses you.
Ijyb zaps a wand.
The bolt of acid hits you but does no damage.
The acid corrodes you!
You shoot a sling bullet. The sling bullet barely misses Ijyb.
Ijyb grins evilly.
Ijyb closely misses you.
You shoot a sling bullet.
The sling bullet hits Ijyb but does no damage.
Ijyb is lightly wounded.
Ijyb hits you with a +0 dagger.
You shoot a sling bullet.
The sling bullet hits Ijyb but does no damage.
Ijyb is lightly wounded.
Ijyb hits you with a +0 dagger.
You shoot a sling bullet.
The sling bullet hits Ijyb but does no damage.
Ijyb is lightly wounded.
Ijyb zaps a wand.
The bolt of acid hits you! Ijyb hits you with a +0 dagger.
You shoot a sling bullet. The sling bullet hits Ijyb.
Ijyb is moderately wounded.
Ijyb zaps a wand.
The bolt of acid hits you. The acid corrodes you!
You shoot a sling bullet.
The sling bullet completely misses Ijyb.
Ijyb zaps a wand.
The bolt of acid hits you!!
Ouch! That really hurt!
You die...

#.##.#..# #......#.
......# #.##.#.#.
####.##.####.##.#.#.
#...............#.#[
#.##.##.####.####.#.
#.##.#......##... #
##.##.#.........##
#.#..##.#......##.##
#.g@....#......##.#.
###.#####......##.#.
#.# ###.#.###.#. #.#
..###.##... #.# ##.#
#.....#. ... #.#
#.###.#. #.# ##.# #.
#... #.#
##..##.###.##
....#.....#.


You could see Ijyb.

Vanquished Creatures
  Grinder (D:2)
  An orc priest (D:4)
  An iguana (D:4)
  5 adders
  A white imp (D:3)
  2 worms (D:3)
  3 dart slugs
  4 orcs (D:4)
  4 bats
  An endoplasm (D:3)
  A giant cockroach (D:1)
  6 goblins
  5 hobgoblins
  3 jackals (D:3)
  3 quokkas
  7 ball pythons
  6 frilled lizards
  A goblin skeleton (D:3)
  2 goblin zombies (D:3)
  17 kobolds
  2 kobold skeletons (D:3)
  An orc skeleton (D:3)
  3 orc zombies (D:3)
  6 rats
86 creatures vanquished.

Vanquished Creatures (others)
  An orc wizard (D:4)
1 creature vanquished.

Grand Total: 87 creatures vanquished

Notes
Turn   | Place    | Note
-------+----------+-------------------------------------------
     0 | D:1      | qw the Gargoyle Hexslinger began the quest for the Orb.
     0 | D:1      | Reached XP level 1. HP: 12/12 MP: 2/2
     0 | D:1      | 0 ||| qw: Version: 0.3-a-52-g30416fa
     0 | D:1      | 0 ||| qw: Game counter: 5218
     0 | D:1      | 0 ||| qw: Melee chars always use a shield: true
     0 | D:1      | 0 ||| qw: God list: Okawaru
     0 | D:1      | 0 ||| qw: Allow faded altars: false
     0 | D:1      | 0 ||| qw: Do Orc after clearing Dungeon:15 true
     0 | D:1      | 0 ||| qw: Do second Lair branch before Depths: true
     0 | D:1      | 0 ||| qw: Lair rune preference: random
     0 | D:1      | 0 ||| qw: Goals: Normal
     0 | D:1      | 0 ||| PLANNING D:1-11
   133 | D:1      | 133 ||| Stepping ~*~*~tactically~*~*~ (outnumbered).
   172 | D:1      | Reached XP level 2. HP: 15/16 MP: 3/3
   319 | D:1      | 319 ||| FLEEEEING.
   369 | D:1      | 369 ||| Stepping ~*~*~tactically~*~*~ (outnumbered).
   370 | D:1      | 370 ||| Stepping ~*~*~tactically~*~*~ (outnumbered).
   372 | D:1      | 372 ||| Stepping ~*~*~tactically~*~*~ (outnumbered).
   375 | D:1      | Reached skill level 3 in Ranged Weapons
   392 | D:1      | 392 ||| FLEEEEING.
   581 | D:1      | Reached XP level 3. HP: 21/21 MP: 4/4
  1135 | D:1      | 1135 ||| UPGRADING to +0 leather armour.
  1145 | D:1      | 1145 ||| DROPPING +0 robe.
  1146 | D:1      | 1146 ||| UPGRADING to +0 ring mail.
  1156 | D:1      | 1156 ||| DROPPING +0 leather armour.
  1157 | D:1      | 1157 ||| READING scroll labelled XAUVOT ASAU.
  1158 | D:1      | 1158 ||| READING scroll labelled LIWKECZ IGHUTRU.
  1159 | D:1      | 1159 ||| READING scroll labelled VUZELA XAMAUPN.
  1160 | D:1      | 1160 ||| DROPPING scroll of poison.
  1243 | D:2      | Identified the +4 dagger of the Reaper {holy, rF+ SInv}
  1289 | D:2      | Identified the +1 short sword "Amepul" {vamp, Int+3}
  1654 | D:2      | Found Ranock Gepp's Antique Armour Emporium.
  1660 | D:2      | 1660 ||| BUYING embroidered robe (70 gold).
  1660 | D:2      | Bought an embroidered robe for 70 gold pieces
  1660 | D:2      | 1660 ||| SHOPLISTING glowing scarf (152 gold, have 14).
  1660 | D:2      | 1660 ||| SHOPLISTING runed leather armour (95 gold, have
                  | 14).
  1815 | D:2      | 1815 ||| DROPPING +1 robe of positive energy.
  1816 | D:2      | 1816 ||| UPGRADING to amulet of regeneration.
  1821 | D:2      | 1821 ||| DROPPING ring of flight.
  1822 | D:2      | 1822 ||| DROPPING ring of wizardry.
  1823 | D:2      | 1823 ||| READING 2 scrolls labelled JOYTTE ASSIC.
  1824 | D:2      | 1824 ||| READING scroll labelled OHETER ANGEDUQOSY.
  1828 | D:2      | 1828 ||| READING scroll labelled CUSTRU DI IHUXODD.
  1829 | D:2      | 1829 ||| DRINKING 2 brown potions.
  1830 | D:2      | 1830 ||| DROPPING scroll of fear.
  1883 | D:3      | Noticed Grinder
  1883 | D:3      | Found an opulent altar of Gozag.
  1889 | D:3      | Paralysed by Grinder for 3 turns
  1898 | D:3      | Paralysed by Grinder for 5 turns
  1903 | D:3      | 1903 ||| STAIRDANCE
  1918 | D:2      | Killed Grinder
  1919 | D:2      | Reached skill level 6 in Ranged Weapons
  1919 | D:2      | Reached XP level 4. HP: 26/26 MP: 5/5
  1919 | D:2      | Reached XP level 5. HP: 30/30 MP: 6/6
  1919 | D:2      | Reached XP level 6. HP: 35/35 MP: 7/7
  2081 | D:3      | Found a glowing golden altar of the Shining One.
  2095 | D:3      | HP: 7/35 [white imp (3)]
  2096 | D:3      | 2096 ||| DRINKING 2 potions of heal wounds.
  2098 | D:3      | Reached skill level 1 in Armour
  2621 | D:3      | 2621 ||| READING scroll labelled VUISOCSAWUPS.
  2622 | D:3      | 2622 ||| READING 2 scrolls of identify.
  2622 | D:3      | 2622 ||| IDENTIFYING yellow potion
  2827 | D:4      | 2827 ||| Stepping ~*~*~tactically~*~*~ (outnumbered).
  2845 | D:4      | Reached skill level 3 in Fighting
  2846 | D:4      | HP: 6/37 [orc priest/divine providence (10)]
  2847 | D:4      | 2847 ||| DRINKING potion of heal wounds.
  2993 | D:4      | Noticed Ijyb
  3004 | D:4      | HP: 8/38 [Ijyb/bolt of acid (6)]
  3005 | D:4      | Killed from afar by Ijyb

Levels and vault maps discovered:
D:1:      shiori_arrival_maze, layout_basic, lexackson_kobold_supper
D:2:      layout_basic, serial_shops, shop
D:3:      layout_basic, nicolae_tso_besieged_by_evil,
          mainiacjoe_overflow_concentric_impassable, uniq_grinder
D:4:      layout_loops_cross, minmay_tree_intersection, minmay_distorted,
          uniq_ijyb

Skill      XL: |  1  2  3  4  5  6 |
---------------+-------------------+-----
Ranged Weapons | 3 6 |  6.0
Fighting       | 2 3 |  3.9
Armour         | 1 |  1.1
Dodging        | |  1.5
Spellcasting   | |  1.0
Hexes          | |  2.6

Action                     |  1- 3 |  4- 6 || total
---------------------------+-------+-------++-------
   Fire: Sling             |   157 |   184 ||   341
    Use: Scroll            |     6 |     2 ||     8
         Potion            |     1 |     2 ||     3
 Armour: Robe              |    18 |       ||    18
         Ring mail         |     3 |    80 ||    83
  Dodge: Dodged            |    52 |    74 ||   126

Table legend:
 A = Non-vault XP
 B = Vault XP
 C = Vault XP percentage of total XP
 D = Non-vault monster count
 E = Vault monster count
 F = Vault count percentage of total count
                 A         B        C        D         E       F
            +---------+---------+-------+---------+---------+-------
      Total |     246 |     341 |  58.1 |      64 |      23 |  26.4
            +---------+---------+-------+---------+---------+-------
        D:1 |      27 |      14 |  34.1 |      18 |      10 |  35.7
        D:2 |      29 |     281 |  90.6 |      17 |       1 |   5.6
        D:3 |      60 |      20 |  25.0 |      19 |      10 |  34.5
        D:4 |     130 |      26 |  16.7 |      10 |       2 |  16.7
            +---------+---------+-------+---------+---------+-------
